Workbook
Name \A: #REF!
Name \A: #REF!
Name \L: #REF!
Name \L: #REF!
Name \P: #REF!
Name \P: #REF!
Name \s: #REF!
Name \s: #REF!
Name _______________AFC1: [2]INV!$A$25:$D$28
Name _______________AFC3: [2]INV!$F$25:$I$28
Name _______________AFC5: [2]INV!$K$25:$N$28
Name _______________BGC1: [2]INV!$A$5:$D$8
Name _______________BGC3: [2]INV!$F$5:$I$8
Name _______________BGC5: [2]INV!$K$5:$N$8
Name _______________CAC1: [2]INV!$A$19:$D$22
Name _______________CAC3: [2]INV!$F$19:$I$22
Name _______________CAC5: [2]INV!$K$19:$N$22
Name _______________oa55: #REF!
Name _______________oa55: #REF!
Name _______________SBC1: [2]INV!$A$12:$D$15
Name _______________SBC3: [2]INV!$F$12:$I$15
Name _______________SBC5: [2]INV!$K$12:$N$15
Name ______________AFC1: [2]INV!$A$25:$D$28
Name ______________AFC3: [2]INV!$F$25:$I$28
Name ______________AFC5: [2]INV!$K$25:$N$28
Name ______________BGC1: [2]INV!$A$5:$D$8
Name ______________BGC3: [2]INV!$F$5:$I$8
Name ______________BGC5: [2]INV!$K$5:$N$8
Name ______________CAC1: [2]INV!$A$19:$D$22
Name ______________CAC3: [2]INV!$F$19:$I$22
Name ______________CAC5: [2]INV!$K$19:$N$22
Name ______________oa55: #REF!
Name ______________oa55: #REF!
Name ______________SBC1: [2]INV!$A$12:$D$15
Name ______________SBC3: [2]INV!$F$12:$I$15
Name ______________SBC5: [2]INV!$K$12:$N$15
Name _____________AFC1: [2]INV!$A$25:$D$28
Name _____________AFC3: [2]INV!$F$25:$I$28
Name _____________AFC5: [2]INV!$K$25:$N$28
Name _____________BGC1: [2]INV!$A$5:$D$8
Name _____________BGC3: [2]INV!$F$5:$I$8
Name _____________BGC5: [2]INV!$K$5:$N$8
Name _____________CAC1: [2]INV!$A$19:$D$22
Name _____________CAC3: [2]INV!$F$19:$I$22
Name _____________CAC5: [2]INV!$K$19:$N$22
Name _____________oa55: #REF!
Name _____________oa55: #REF!
Name _____________SBC1: [2]INV!$A$12:$D$15
Name _____________SBC3: [2]INV!$F$12:$I$15
Name _____________SBC5: [2]INV!$K$12:$N$15
Name ____________AFC1: [2]INV!$A$25:$D$28
Name ____________AFC3: [2]INV!$F$25:$I$28
Name ____________AFC5: [2]INV!$K$25:$N$28
Name ____________BGC1: [2]INV!$A$5:$D$8
Name ____________BGC3: [2]INV!$F$5:$I$8
Name ____________BGC5: [2]INV!$K$5:$N$8
Name ____________CAC1: [2]INV!$A$19:$D$22
Name ____________CAC3: [2]INV!$F$19:$I$22
Name ____________CAC5: [2]INV!$K$19:$N$22
Name ____________oa55: #REF!

Sheet Andamio
A2: Alquiler diario de un módulo de andamio tubular normalizado, tipo multidireccional, de 2m de altura máxima de trabajo, constituido por estructura tubular de acero galvanizado en caliente, de 48.3mm de diámetro y 3.2mm de espesor, fabricado cumpliendo las exigencias de calidad según Normas Técnicas Colombianas NTC 1641, NTC 1642 y NTC 1735; compuesto de plataformas de trabajo de 1.09m de ancho y 1.40m de largo, dispuestas cada 2m de altura, escalera interior con puerta, barandilla trasera con dos barras y barandilla delantera dos barras
A4: Item | B4: Elemento | C4: Cantidad | D4: Valor día por elemento | E4: Valor total día por elemento
A5: 1 | B5: Vertical 2.00m | C5: 4 | D5: 385 | E5: =+C5*D5 -> 1540
A6: 2 | B6: Diagonal 2.40m | C6: 2 | D6: 560 | E6: =+C6*D6 -> 1120
A7: 3 | B7: Diagonal 2.25m | C7: 2 | D7: 560 | E7: =+C7*D7 -> 1120
A8: 4 | B8: Plataforma metálica 1.40m x 0.60m | C8: 1 | D8: 1078 | E8: =+C8*D8 -> 1078
A9: 5 | B9: Plataforma metálica 1.40m x 0.60m con puerta | C9: 1 | D9: 1232 | E9: =+C9*D9 -> 1232
A10: 6 | B10: Plataforma metálica 1.40m x 0.32m | C10: 1 | D10: 378 | E10: =+C10*D10 -> 378
A11: 7 | B11: Escalera interna | C11: 1 | D11: 1372 | E11: =+C11*D11 -> 1372
A12: 8 | B12: Vertical 1.00m | C12: 4 | D12: 203 | E12: =+C12*D12 -> 812
A13: 9 | B13: Horizontal 1.40m | C13: 8 | D13: 406 | E13: =+C13*D13 -> 3248
A14: 10 | B14: Horizontal 1.09m | C14: 4 | D14: 196 | E14: =+C14*D14 -> 784
A15: 11 | B15: Rueda 6plg con tornillo nivelador | C15: 4 | D15: 1330 | E15: =+C15*D15 -> 5320
A16: 12 | B16: Horizontal reforzada 1.09m | C16: 4 | D16: 406 | E16: =+C16*D16 -> 1624
A17: 13 | B17: Tornillo nivelador | C17: 4 | D17: 532 | E17: =+C17*D17 -> 2128
A18: Total | C18: =+SUM(C5:C17) -> 40 | D18: =+SUM(D5:D17) -> 8638 | E18: =+SUM(E5:E17) -> 21756
A20: Valor total diario de módulo de andamio de 1.09m x 1.40m + 1.00m (Protección) + IVA (19%) + Transporte | E20: =+E18*1.19+C22 -> 38746.783
A22: Transporte/Día | B22: 90000 | C22: =+B22/7 -> 12857.143 | E22: =E20/8 -> 4843.3479 | F22: Valor Hora

Sheet PRESUPUESTO
C2: ALCALDÍA DE POPAYÁN
C3: SECRETARIA GENERAL
B5: PRECIOS A COSTO TOTAL
B7: ITEM | C7: DESCRIPCION | D7: UNIDAD | E7: VALOR UNITARIO
C8: ACTIVIDADES A MONTO AGOTABLE
B9: 1 | C9: Aplicación de pintura en vinilo tipo I sobre muros interiores a dos manos | D9: m2 | E9: =+'1'!H49 -> 17281
B10: 2 | C10: Aplicación de pintura en vinilo tipo I sobre muros interiores a dos manos, incluye rasqueteada, lijada y resane | D10: m2 | E10: =+'2'!H49 -> 25732
B11: 3 | C11: Demolición de mortero (repello, alistado o pañete) sin afectar la superficie de soporte. Incluye posterior limpieza de la superficie que queda al descubierto | D11: m2 | E11: =+'3'!H53 -> 7607
B12: 4 | C12: Aplicación de repello con mortero 1:3 en muros | D12: m2 | E12: =+'4'!H42 -> 34851
B13: 5 | C13: Aplicación de estuco plástico sobre muro repellado | D13: m2 | E13: =+'5'!H45 -> 17475
B14: 6 | C14: Aplicación de pintura tipo esmalte para carpintería metálica | D14: m2 | E14: =+'6'!H49 -> 27438
B15: 7 | C15: Restauración de barandas en madera | D15: m2 | E15: =+'7'!H45 -> 43146
B16: 8 | C16: =+'[1]4.1'!B5 -> Resane de cielo raso en mortero 1:3, incluye malla para adherencia | D16: m2 | E16: =+'[1]4.1'!H43 -> 37617
B17: 9 | C17: Aplicación de pintura para madera color igual al existente en puertas y ventanas exteriores o interiores | D17: m2 | E17: =+'9'!H44 -> 27731
B18: 10 | C18: =+'[1]7.1'!B5 -> Transporte de material proveniente de excavación, explanación, canales y escombros. Incluye Cargue a mano | D18: m3 | E18: =+'10'!H49 -> 33297

Sheet 1
A2: =+[68]DATOS!B2 -> ALCALDIA DE POPAYAN
A3: =+[68]DATOS!B4 -> SECRETARIA DE INFRAESTRUCTURA | E3: ANALISIS DE PRECIOS UNITARIOS
A5: ITEM : | B5: Aplicación de pintura en vinilo tipo 1 sobre muros interiores a dos manos | E5: OBRA : | F5: =+[68]DATOS!B6 -> PRESUPUESTO PARA EDIFICACIONES
A7: UNIDAD : | B7: m2
A9: I.-EQUIPO | E9: FECHA :
A10: DESCRIPCION | D10: TIPO | E10: TARIFA | G10: VR/UNITARIO
A11: =+[68]Insumos!C44 -> HERRAMIENTA MENOR | C11: (5% MO) | G11: =+H38*0.05 -> 459.16667
A12: =+[68]Insumos!C207 -> MODULO ANDAMIO TUBULAR MULTIDIRECCIONAL H=2M INCLUYE TRANSPORTE | D12: =+[68]Insumos!D207 -> MOD/DÍA | E12: =+[68]Insumos!E207 -> 38747 | F12: 70 | G12: =+E12/F12 -> 553.52857
F15: SUB-TOTAL | H15: =SUM(G11:G14) -> 1012.6952
A16: II.-MATERIALES
A17: DESCRIPCION | D17: UNIDAD | E17: VALOR | F17: CANTIDAD | G17: VR/UNITARIO
A18: Pintura Viniltex Advanced | D18: =+[68]Insumos!D995 -> Gln | E18: 93900 | F18: 0.025 | G18: =+E18*F18 -> 2347.5
A19: =+[68]Insumos!C841 -> LIJA DE AGUA 180 SUPER | D19: Und | E19: =+[68]Insumos!E841 -> 1371 | F19: 0.4 | G19: =+E19*F19 -> 548.4
F25: SUB-TOTAL | H25: =SUM(G18:G24) -> 2895.9
A26: III.-TRANSPORTE
A27: DESCRIPCION | C27: VOLUMEN | D27: DISTANCIA | E27: M3-KM | F27: TARIFA | G27: VR/UNITARIO
F31: SUB-TOTAL
A32: IV.-MANO DE OBRA
A33: DESCRIPCION | C33: JORNAL | D33: PRESTAC. | E33: JOR.TOTAL | F33: RENDI. | G33: VR/UNITARIO
A34: =+[68]CUADRILLA!E72 -> CUADRILLA No.11 (1OF+1AY) | C34: =+[68]CUADRILLA!H72 -> 96666.667 | D34: =[68]DATOS!B15 -> 1.9 | E34: =C34*D34 -> 183666.67 | F34: 20 | G34: =E34/F34 -> 9183.3333
F38: SUB-TOTAL | H38: =SUM(G34:G37) -> 9183.3333
C40: TOTAL COSTO DIRECTO | H40: =ROUND(SUM(H15:H38),0) -> 13092
A41: V.-COSTOS INDIRECTOS
A42: DESCRIPCION | F42: % | G42: VR/TOTAL
A43: ADMINISTRACION | F43: =+[68]DATOS!B10 -> 0.25 | G43: =$H$40*F43 -> 3273
A44: IMPREVISTOS | F44: =+[68]DATOS!B11 -> 0.02 | G44: =$H$40*F44 -> 261.84
A45: UTILIDAD | F45: =+[68]DATOS!B12 -> 0.05 | G45: =$H$40*F45 -> 654.6
F47: SUB-TOTAL | H47: =ROUND(SUM(G43:G46),0) -> 4189
C49: PRECIO UNITARIO TOTAL | H49: =ROUND(SUM(H40:H47),0) -> 17281

Sheet 2
A2: =+[68]DATOS!B2 -> ALCALDIA DE POPAYAN
A3: =+[68]DATOS!B4 -> SECRETARIA DE INFRAESTRUCTURA | E3: ANALISIS DE PRECIOS UNITARIOS
A5: ITEM : | B5: APLICACIÓN DE PINTURA EN VINILO TIPO I, 2 MANOS, INCLUYE RASQUETEADA, LIJADA Y RESANE | E5: OBRA : | F5: =+[68]DATOS!B6 -> PRESUPUESTO PARA EDIFICACIONES
A7: UNIDAD : | B7: m2
A9: I.-EQUIPO | E9: FECHA :
A10: DESCRIPCION | C10: UNIDAD | D10: TIPO | E10: TARIFA | F10: RENDIMIENTO | G10: VR/UNITARIO
A11: =+[68]Insumos!C44 -> HERRAMIENTA MENOR | C11: =+[68]Insumos!D44 -> % | E11: =+H38 -> 9183.3333 | F11: =+[68]Insumos!E44 -> 0.05 | G11: =+F11*E11 -> 459.16667
A12: =+[68]Insumos!C207 -> MODULO ANDAMIO TUBULAR MULTIDIRECCIONAL H=2M INCLUYE TRANSPORTE | C12: =+[68]Insumos!D207 -> MOD/DÍA | E12: =+[68]Insumos!E207 -> 38747 | F12: 25 | G12: =+E12/F12 -> 1549.88
F15: SUB-TOTAL | H15: =SUM(G11:G14) -> 2009.0467
A16: II.-MATERIALES
A17: DESCRIPCION | C17: DESPERDICIO | D17: UNIDAD | E17: VALOR | F17: CANTIDAD | G17: VR/UNITARIO
A18: Pintura Viniltex Advanced | C18: 0.02 | D18: =+[68]Insumos!D218 -> gln | E18: 93900 | F18: 0.025 | G18: =+E18*(F18*(1+C18)) -> 2394.45
A19: =+[68]Insumos!C841 -> LIJA DE AGUA 180 SUPER | C19: 0.02 | D19: =+[68]Insumos!D841 -> UN | E19: =+[68]Insumos!E841 -> 1371 | F19: 0.1 | G19: =+E19*(F19*(1+C19)) -> 139.842
A20: =+[68]Insumos!C843 -> ESTUCO PLÁSTICO | C20: 0.02 | D20: =+[68]Insumos!D843 -> Kg | E20: =+[68]Insumos!E843 -> 5140 | F20: 1.1 | G20: =+E20*(F20*(1+C20)) -> 5767.08
F25: SUB-TOTAL | H25: =SUM(G18:G24) -> 8301.372
A26: III.-TRANSPORTE
A27: DESCRIPCION | C27: VOLUMEN | D27: DISTANCIA | E27: M3-KM | F27: TARIFA | G27: VR/UNITARIO
F31: SUB-TOTAL
A32: IV.-MANO DE OBRA
A33: DESCRIPCION | C33: JORNAL | D33: PRESTAC. | E33: JOR.TOTAL | F33: RENDI. | G33: VR/UNITARIO
A34: =+[68]CUADRILLA!E72 -> CUADRILLA No.11 (1OF+1AY) | C34: =+[68]CUADRILLA!H72 -> 96666.667 | D34: =[68]DATOS!B15 -> 1.9 | E34: =C34*D34 -> 183666.67 | F34: 20 | G34: =E34/F34 -> 9183.3333
F38: SUB-TOTAL | H38: =SUM(G34:G37) -> 9183.3333
C40: TOTAL COSTO DIRECTO | H40: =ROUND(SUM(H15:H38),0) -> 19494
A41: V.-COSTOS INDIRECTOS
A42: DESCRIPCION | F42: % | G42: VR/TOTAL
A43: ADMINISTRACION | F43: =+[68]DATOS!B10 -> 0.25 | G43: =$H$40*F43 -> 4873.5
A44: IMPREVISTOS | F44: =+[68]DATOS!B11 -> 0.02 | G44: =$H$40*F44 -> 389.88
A45: UTILIDAD | F45: =+[68]DATOS!B12 -> 0.05 | G45: =$H$40*F45 -> 974.7
F47: SUB-TOTAL | H47: =ROUND(SUM(G43:G46),0) -> 6238
C49: PRECIO UNITARIO TOTAL | H49: =ROUND(SUM(H40:H47),0) -> 25732

Sheet 3
A2: =+[68]DATOS!B2 -> ALCALDIA DE POPAYAN
A3: =+[68]DATOS!B4 -> SECRETARIA DE INFRAESTRUCTURA | E3: ANALISIS DE PRECIOS UNITARIOS
A5: ITEM : | B5: Demolición de mortero (repello, alistado o pañete) sin afectar la superficie de soporte. Incluye posterior limpieza de la superficie que queda al descubierto | E5: OBRA : | F5: =+[68]DATOS!B6 -> PRESUPUESTO PARA EDIFICACIONES
A7: UNIDAD : | B7: M2
A9: I.-EQUIPO | E9: FECHA :
A10: DESCRIPCION | C10: UNIDAD | D10: TIPO | E10: TARIFA | F10: RENDIMIENTO | G10: VR/UNITARIO
A11: =+[68]Insumos!C44 -> HERRAMIENTA MENOR | C11: =+[68]Insumos!D44 -> % | E11: =+H42 -> 5488.8889 | F11: =+[68]Insumos!E44 -> 0.05 | G11: =+H42*0.05 -> 274.44444
F15: SUB-TOTAL | H15: =SUM(G11:G14) -> 274.44444
A16: II.-MATERIALES
A17: DESCRIPCION | D17: UNIDAD | E17: VALOR | F17: CANTIDAD | G17: VR/UNITARIO
F29: SUB-TOTAL | H29: =SUM(G18:G28) -> 0
A30: III.-TRANSPORTE
A31: DESCRIPCION | C31: VOLUMEN | D31: DISTANCIA | E31: M3-KM | F31: TARIFA | G31: VR/UNITARIO
F35: SUB-TOTAL
A36: IV.-MANO DE OBRA
A37: DESCRIPCION | C37: JORNAL | D37: PRESTAC. | E37: JOR.TOTAL | F37: RENDI. | G37: VR/UNITARIO
A38: =+[68]CUADRILLA!$E$77 -> CUADRILLA No.12 (2AY) | C38: =+[68]CUADRILLA!$H$77 -> 86666.667 | D38: =[68]DATOS!$B$15 -> 1.9 | E38: =C38*D38 -> 164666.67 | F38: 30 | G38: =E38/F38 -> 5488.8889
F42: SUB-TOTAL | H42: =SUM(G38:G41) -> 5488.8889
C44: TOTAL COSTO DIRECTO | H44: =ROUND(SUM(H15:H42),0) -> 5763
A45: V.-COSTOS INDIRECTOS
A46: DESCRIPCION | F46: % | G46: VR/TOTAL
A47: ADMINISTRACION | F47: =+[68]DATOS!B10 -> 0.25 | G47: =$H$44*F47 -> 1440.75
A48: IMPREVISTOS | F48: =+[68]DATOS!B11 -> 0.02 | G48: =$H$44*F48 -> 115.26
A49: UTILIDAD | F49: =+[68]DATOS!B12 -> 0.05 | G49: =$H$44*F49 -> 288.15
F51: SUB-TOTAL | H51: =ROUND(SUM(G47:G50),0) -> 1844
C53: PRECIO UNITARIO TOTAL | H53: =ROUND(SUM(H44:H51),0) -> 7607

Sheet 4
A2: =+[68]DATOS!B2 -> ALCALDIA DE POPAYAN
A3: =+[68]DATOS!B4 -> SECRETARIA DE INFRAESTRUCTURA | E3: ANALISIS DE PRECIOS UNITARIOS
A5: ITEM : | B5: APLICACIÓN DE REPELLO CON MORTERO 1:3 EN MUROS. | E5: OBRA : | F5: =+[68]DATOS!B6 -> PRESUPUESTO PARA EDIFICACIONES
A7: UNIDAD : | B7: m2
A9: I.-EQUIPO | E9: FECHA :
A10: DESCRIPCION | D10: TIPO | E10: TARIFA | F10: RENDI. | G10: VR/UNITARIO
A11: HERRAMIENTA MENOR | C11: 0.05 | G11: =+C11*H31 -> 633.33333
F13: SUB-TOTAL | H13: =SUM(G11:G12) -> 633.33333
A14: II.-MATERIALES
A15: DESCRIPCION | D15: UNIDAD | E15: VALOR | F15: CANTIDAD | G15: VR/UNITARIO
A16: =+[68]CONCRETOS!E86 -> MORTERO 1:3 | D16: M3 | E16: =+[68]CONCRETOS!G86 -> 485253.99 | F16: 0.027 | G16: =+F16*E16 -> 13101.858
F18: SUB-TOTAL | H18: =SUM(G16:G17) -> 13101.858
A19: III.-TRANSPORTE
A20: DESCRIPCION | C20: VOLUMEN | D20: DISTANCIA | E20: M3-KM | F20: TARIFA | G20: VR/UNITARIO
F24: SUB-TOTAL
A25: IV.-MANO DE OBRA
A26: DESCRIPCION | C26: JORNAL | D26: PRESTAC. | E26: JOR.TOTAL | F26: RENDI. | G26: VR/UNITARIO
A27: =+[68]CUADRILLA!E77 -> CUADRILLA No.12 (2AY) | C27: =+[68]CUADRILLA!H77 -> 86666.667 | D27: 1.9 | E27: =+D27*C27 -> 164666.67 | F27: 13 | G27: =+E27/F27 -> 12666.667
F31: SUB-TOTAL | H31: =SUM(G27:G30) -> 12666.667
C33: TOTAL COSTO DIRECTO | H33: =ROUND(SUM(H13:H31),0) -> 26402
A34: V.-COSTOS INDIRECTOS
A35: DESCRIPCION | F35: % | G35: VR/TOTAL
A36: ADMINISTRACION | F36: =+[68]DATOS!B10 -> 0.25 | G36: =$H$33*F36 -> 6600.5
A37: IMPREVISTOS | F37: =+[68]DATOS!B11 -> 0.02 | G37: =$H$33*F37 -> 528.04
A38: UTILIDAD | F38: =+[68]DATOS!B12 -> 0.05 | G38: =$H$33*F38 -> 1320.1
F40: SUB-TOTAL | H40: =ROUND(SUM(G36:G39),0) -> 8449
C42: PRECIO UNITARIO TOTAL | H42: =ROUND(SUM(H33:H40),0) -> 34851

Sheet 5
A2: =+[68]DATOS!B2 -> ALCALDIA DE POPAYAN
A3: =+[68]DATOS!B4 -> SECRETARIA DE INFRAESTRUCTURA | E3: ANALISIS DE PRECIOS UNITARIOS
A5: ITEM : | B5: APLICACIÓN DE ESTUCO PLÁSTICO SOBRE MURO REPELLADO | E5: OBRA : | F5: =+[68]DATOS!B6 -> PRESUPUESTO PARA EDIFICACIONES
A7: UNIDAD : | B7: m2
A9: I.-EQUIPO | E9: FECHA : | F9: =+[68]DATOS!B8 -> 44985
A10: DESCRIPCION | C10: UNIDAD | D10: TIPO | E10: TARIFA | F10: RENDI. | G10: VR/UNITARIO
A11: =+[68]Insumos!C44 -> HERRAMIENTA MENOR | C11: =+[68]Insumos!D44 -> % | E11: =+H34 -> 8233.3333 | F11: =+[68]Insumos!E44 -> 0.05 | G11: =+F11*E11 -> 411.66667
A12: =+[68]Insumos!C207 -> MODULO ANDAMIO TUBULAR MULTIDIRECCIONAL H=2M INCLUYE TRANSPORTE | C12: =+[68]Insumos!D207 -> MOD/DÍA | E12: =+[68]Insumos!E207 -> 38747 | F12: 20 | G12: =+E12/F12 -> 1937.35
F13: SUB-TOTAL | H13: =SUM(G11:G12) -> 2349.0167
A14: II.-MATERIALES
A15: DESCRIPCION | C15: DESPERDICIO | D15: UNIDAD | E15: VALOR | F15: CANTIDAD | G15: VR/UNITARIO
A16: =+[68]Insumos!C843 -> ESTUCO PLÁSTICO | C16: 0.02 | D16: =+[68]Insumos!D843 -> Kg | E16: =+[68]Insumos!E843 -> 5140 | F16: 0.4 | G16: =+(F16*(1+C16))*E16 -> 2097.12
A17: =+[68]Insumos!C841 -> LIJA DE AGUA 180 SUPER | C17: 0.02 | D17: =+[68]Insumos!D841 -> UN | E17: =+[68]Insumos!E841 -> 1371 | F17: 0.4 | G17: =+(F17*(1+C17))*E17 -> 559.368
F21: SUB-TOTAL | H21: =SUM(G16:G20) -> 2656.488
A22: III.-TRANSPORTE
A23: DESCRIPCION | C23: VOLUMEN | D23: DISTANCIA | E23: M3-KM | F23: TARIFA | G23: VR/UNITARIO
F27: SUB-TOTAL
A28: IV.-MANO DE OBRA
A29: DESCRIPCION | C29: JORNAL | D29: PRESTAC. | E29: JOR.TOTAL | F29: RENDI. | G29: VR/UNITARIO
A30: =+[68]CUADRILLA!E77 -> CUADRILLA No.12 (2AY) | C30: =+[68]CUADRILLA!H77 -> 86666.667 | D30: 1.9 | E30: =+D30*C30 -> 164666.67 | F30: 20 | G30: =+E30/F30 -> 8233.3333
F34: SUB-TOTAL | H34: =SUM(G30:G33) -> 8233.3333
C36: TOTAL COSTO DIRECTO | H36: =ROUND(SUM(H13:H34),0) -> 13239
A37: V.-COSTOS INDIRECTOS
A38: DESCRIPCION | F38: % | G38: VR/TOTAL
A39: ADMINISTRACION | F39: =+[68]DATOS!B10 -> 0.25 | G39: =$H$36*F39 -> 3309.75
A40: IMPREVISTOS | F40: =+[68]DATOS!B11 -> 0.02 | G40: =$H$36*F40 -> 264.78
A41: UTILIDAD | F41: =+[68]DATOS!B12 -> 0.05 | G41: =$H$36*F41 -> 661.95
F43: SUB-TOTAL | H43: =ROUND(SUM(G39:G42),0) -> 4236
C45: PRECIO UNITARIO TOTAL | H45: =ROUND(SUM(H36:H43),0) -> 17475

Sheet 6
A2: =+[68]DATOS!B2 -> ALCALDIA DE POPAYAN
A3: =+[68]DATOS!B4 -> SECRETARIA DE INFRAESTRUCTURA | E3: ANALISIS DE PRECIOS UNITARIOS
A5: ITEM : | B5: APLICACIÓN DE PINTURA TIPO ESMALTE PARA CARPINTERÍA METÁLICA | E5: OBRA : | F5: =+[68]DATOS!B6 -> PRESUPUESTO PARA EDIFICACIONES
A7: UNIDAD : | B7: m2
A9: I.-EQUIPO | E9: FECHA :
A10: DESCRIPCION | C10: UNIDAD | D10: TIPO | E10: TARIFA | F10: RENDIMIENTO | G10: VR/UNITARIO
A11: =+[68]Insumos!C44 -> HERRAMIENTA MENOR | C11: =+[68]Insumos!D44 -> % | E11: =+H38 -> 11020 | F11: =+[68]Insumos!E44 -> 0.05 | G11: =+H38*0.05 -> 551
F15: SUB-TOTAL | H15: =SUM(G11:G14) -> 551
A16: II.-MATERIALES
A17: DESCRIPCION | C17: DESPERDICIO | D17: UNIDAD | E17: VALOR | F17: CANTIDAD | G17: VR/UNITARIO
A18: =+[68]Insumos!C218 -> PINTURA ESMALTE | C18: 0.02 | D18: =+[68]Insumos!D218 -> gln | E18: =+[68]Insumos!E218 -> 85039 | F18: 0.08 | G18: =+E18*(F18*(1+C18)) -> 6939.1824
A19: =+[68]Insumos!C841 -> LIJA DE AGUA 180 SUPER | C19: 0.02 | D19: =+[68]Insumos!D841 -> UN | E19: =+[68]Insumos!E841 -> 1371 | F19: 0.63 | G19: =+E19*(F19*(1+C19)) -> 881.0046
A20: =+[68]Insumos!C794 -> THINER | C20: 0.02 | D20: =+[68]Insumos!D794 -> Gal | E20: =+[68]Insumos!E794 -> 22396 | F20: 0.03 | G20: =+E20*(F20*(1+C20)) -> 685.3176
A21: =+[68]Insumos!C219 -> PINTURA ANTICORROSIVA | C21: 0.02 | D21: =+[68]Insumos!D219 -> gln | E21: =+[68]Insumos!E219 -> 46396 | F21: 0.015 | G21: =+E21*(F21*(1+C21)) -> 709.8588
F25: SUB-TOTAL | H25: =SUM(G18:G24) -> 9215.3634
A26: III.-TRANSPORTE
A27: DESCRIPCION | C27: VOLUMEN | D27: DISTANCIA | E27: M3-KM | F27: TARIFA | G27: VR/UNITARIO
F31: SUB-TOTAL
A32: IV.-MANO DE OBRA
A33: DESCRIPCION | C33: JORNAL | D33: PRESTAC. | E33: JOR.TOTAL | F33: RENDI. | G33: VR/UNITARIO
A34: =+[68]CUADRILLA!E41 -> CUADRILLA No. 06 (3AY) | C34: =+[68]CUADRILLA!H41 -> 116000 | D34: =[68]DATOS!B15 -> 1.9 | E34: =C34*D34 -> 220400 | F34: 20 | G34: =E34/F34 -> 11020
F38: SUB-TOTAL | H38: =SUM(G34:G37) -> 11020
C40: TOTAL COSTO DIRECTO | H40: =ROUND(SUM(H15:H38),0) -> 20786
A41: V.-COSTOS INDIRECTOS
A42: DESCRIPCION | F42: % | G42: VR/TOTAL
A43: ADMINISTRACION | F43: =+[68]DATOS!B10 -> 0.25 | G43: =$H$40*F43 -> 5196.5
A44: IMPREVISTOS | F44: =+[68]DATOS!B11 -> 0.02 | G44: =$H$40*F44 -> 415.72
A45: UTILIDAD | F45: =+[68]DATOS!B12 -> 0.05 | G45: =$H$40*F45 -> 1039.3
F47: SUB-TOTAL | H47: =ROUND(SUM(G43:G46),0) -> 6652
C49: PRECIO UNITARIO TOTAL | H49: =ROUND(SUM(H40:H47),0) -> 27438

Sheet 7
A2: =+[68]DATOS!B2 -> ALCALDIA DE POPAYAN
A3: =+[68]DATOS!B4 -> SECRETARIA DE INFRAESTRUCTURA | E3: ANALISIS DE PRECIOS UNITARIOS
A5: ITEM : | B5: Restauración de barandas en madera | E5: OBRA : | F5: =+[68]DATOS!B6 -> PRESUPUESTO PARA EDIFICACIONES
A7: UNIDAD : | B7: m2
A9: I.-EQUIPO | E9: FECHA :
A10: DESCRIPCION | C10: UNIDAD | D10: TIPO | E10: TARIFA | F10: RENDIMIENTO | G10: VR/UNITARIO
A11: =+[68]Insumos!C44 -> HERRAMIENTA MENOR | C11: =+[68]Insumos!D44 -> % | E11: =+H34 -> 9183.3333 | F11: =+[68]Insumos!E44 -> 0.05 | G11: =+H34*0.05 -> 459.16667
F15: SUB-TOTAL | H15: =SUM(G11:G14) -> 459.16667
A16: II.-MATERIALES
A17: DESCRIPCION | C17: DESPERDICIO | D17: UNIDAD | E17: VALOR | F17: CANTIDAD | G17: VR/UNITARIO
A18: Masilla para madera | C18: 0.02 | D18: Gln | E18: 137600 | F18: 0.08 | G18: =+E18*(F18*(1+C18)) -> 11228.16
A19: Tinte para madera | C19: 0.02 | D19: Gln | E19: 214400 | F19: 0.05 | G19: =+E19*(F19*(1+C19)) -> 10934.4
A20: Lija de agua 180 super | C20: 0.02 | D20: Und | E20: 1371 | F20: 0.63 | G20: =+E20*(F20*(1+C20)) -> 881.0046
F21: SUB-TOTAL | H21: =SUM(G18:G20) -> 23043.565
A22: III.-TRANSPORTE
A23: DESCRIPCION | C23: VOLUMEN | D23: DISTANCIA | E23: M3-KM | F23: TARIFA | G23: VR/UNITARIO
F27: SUB-TOTAL
A28: IV.-MANO DE OBRA
A29: DESCRIPCION | C29: JORNAL | D29: PRESTAC. | E29: JOR.TOTAL | F29: RENDI. | G29: VR/UNITARIO
A30: CUADRILLA No.11 (1OF+1AY) | C30: 96666.667 | D30: =[68]DATOS!B15 -> 1.9 | E30: =C30*D30 -> 183666.67 | F30: 20 | G30: =E30/F30 -> 9183.3333
F34: SUB-TOTAL | H34: =SUM(G30:G33) -> 9183.3333
C36: TOTAL COSTO DIRECTO | H36: =ROUND(SUM(H15:H34),0) -> 32686
A37: V.-COSTOS INDIRECTOS
A38: DESCRIPCION | F38: % | G38: VR/TOTAL
A39: ADMINISTRACION | F39: =+[68]DATOS!B10 -> 0.25 | G39: =$H$36*F39 -> 8171.5
A40: IMPREVISTOS | F40: =+[68]DATOS!B11 -> 0.02 | G40: =$H$36*F40 -> 653.72
A41: UTILIDAD | F41: =+[68]DATOS!B12 -> 0.05 | G41: =$H$36*F41 -> 1634.3
F43: SUB-TOTAL | H43: =ROUND(SUM(G39:G42),0) -> 10460
C45: PRECIO UNITARIO TOTAL | H45: =ROUND(SUM(H36:H43),0) -> 43146

Sheet 8
A2: =+[67]DATOS!B2 -> ALCALDIA DE POPAYAN
A3: =+[67]DATOS!B4 -> SECRETARIA DE INFRAESTRUCTURA | E3: ANALISIS DE PRECIOS UNITARIOS
A5: ITEM : | B5: Resane de cielo raso en mortero 1:3, incluye malla para adherencia | E5: OBRA : | F5: =+[67]DATOS!B6 -> PRESUPUESTO PARA EDIFICACIONES
A7: UNIDAD : | B7: m²
A9: I.-EQUIPO | E9: FECHA :
A10: DESCRIPCION | C10: UNIDAD | D10: CANTIDAD | E10: TARIFA | F10: RENDI. | G10: VR/UNITARIO
A11: =+[67]Insumos!C44 -> HERRAMIENTA MENOR | C11: =+[67]Insumos!D44 -> % | D11: 1 | E11: =+H32 -> 10291.667 | F11: =+[67]Insumos!E44 -> 0.05 | G11: =+F11*E11*D11 -> 514.58333
A12: =+[67]Insumos!C207 -> MODULO ANDAMIO TUBULAR MULTIDIRECCIONAL H=2M INCLUYE TRANSPORTE | C12: =+[67]Insumos!D207 -> MOD/DÍA | D12: 2 | E12: =+[67]Insumos!E207 -> 38747 | F12: =1/F28 -> 0.05 | G12: =+F12*E12*D12 -> 3874.7
F13: SUB-TOTAL | H13: =SUM(G11:G12) -> 4389.2833
A14: II.-MATERIALES
A15: DESCRIPCION | C15: DESPERDICIO | D15: UNIDAD | E15: VALOR | F15: CANTIDAD | G15: VR/UNITARIO
A16: =+[67]CONCRETOS!E86 -> MORTERO 1:3 | C16: 0.03 | D16: M3 | E16: =+[67]CONCRETOS!G86 -> 485253.99 | F16: 0.027 | G16: =+(F16*(1+C16))*E16 -> 13494.914
A17: =+[67]Insumos!C991 -> PUNTILLA 1" CON CABEZA | C17: 0.03 | D17: =+[67]Insumos!D991 -> Lb | E17: =+[67]Insumos!E991 -> 6260 | F17: 0.05 | G17: =+(F17*(1+C17))*E17 -> 322.39
A18: =+[67]Insumos!C277 -> MALLA HEXAGONAL DE ALAMBRE GALVANIZADO CAL. 24 h=1.20m | C18: 0.03 | D18: =+[67]Insumos!D277 -> m2 | E18: =+[67]Insumos!E277 -> 4403 | F18: 1 | G18: =+(F18*(1+C18))*E18 -> 4535.09
F19: SUB-TOTAL | H19: =SUM(G16:G17) -> 13817.304
A20: III.-TRANSPORTE
A21: DESCRIPCION | C21: VOLUMEN | D21: DISTANCIA | E21: M3-KM | F21: TARIFA | G21: VR/UNITARIO
F25: SUB-TOTAL
A26: IV.-MANO DE OBRA
A27: DESCRIPCION | C27: JORNAL | D27: PRESTAC. | E27: JOR.TOTAL | F27: RENDI. | G27: VR/UNITARIO
A28: =+[67]CUADRILLA!E72 -> CUADRILLA No.11 (1OF+1AY) | C28: =+[67]CUADRILLA!H72 -> 108333.33 | D28: 1.9 | E28: =+D28*C28 -> 205833.33 | F28: 20 | G28: =+E28/F28 -> 10291.667
F32: SUB-TOTAL | H32: =SUM(G28:G31) -> 10291.667
C34: TOTAL COSTO DIRECTO | H34: =ROUND(SUM(H13:H32),0) -> 28498
A35: V.-COSTOS INDIRECTOS
A36: DESCRIPCION | F36: % | G36: VR/TOTAL
A37: ADMINISTRACION | F37: =+[67]DATOS!B10 -> 0.25 | G37: =$H$34*F37 -> 7124.5
A38: IMPREVISTOS | F38: =+[67]DATOS!B11 -> 0.02 | G38: =$H$34*F38 -> 569.96
A39: UTILIDAD | F39: =+[67]DATOS!B12 -> 0.05 | G39: =$H$34*F39 -> 1424.9
F41: SUB-TOTAL | H41: =ROUND(SUM(G37:G40),0) -> 9119
C43: PRECIO UNITARIO TOTAL | H43: =ROUND(SUM(H34:H41),0) -> 37617

Sheet 9
A2: =+[68]DATOS!B2 -> ALCALDIA DE POPAYAN
A3: =+[68]DATOS!B4 -> SECRETARIA DE INFRAESTRUCTURA | E3: ANALISIS DE PRECIOS UNITARIOS
A5: ITEM : | B5: Aplicación de pintura para madera color igual al existente en puertas y ventanas exteriores | E5: OBRA : | F5: =+[68]DATOS!B6 -> PRESUPUESTO PARA EDIFICACIONES
A7: UNIDAD : | B7: m2
A9: I.-EQUIPO | E9: FECHA :
A10: DESCRIPCION | C10: UNIDAD | D10: TIPO | E10: TARIFA | F10: RENDIMIENTO | G10: VR/UNITARIO
A11: =+[68]Insumos!C44 -> HERRAMIENTA MENOR | C11: =+[68]Insumos!D44 -> % | E11: =+H33 -> 8233.3333 | F11: =+[68]Insumos!E44 -> 0.05 | G11: =+H33*0.05 -> 411.66667
F15: SUB-TOTAL | H15: =SUM(G11:G14) -> 411.66667
A16: II.-MATERIALES
A17: DESCRIPCION | C17: DESPERDICIO | D17: UNIDAD | E17: VALOR | F17: CANTIDAD | G17: VR/UNITARIO
A18: PINTURA IMPRANOL PARA MADERA | C18: 0.02 | D18: Gln | E18: =215000/20 -> 10750 | F18: 1 | G18: =+E18*(F18*(1+C18)) -> 10965
A19: Lija de agua 180 super | C19: 0.02 | D19: Und | E19: 1371 | F19: 1 | G19: =+E19*(F19*(1+C19)) -> 1398.42
F20: SUB-TOTAL | H20: =SUM(G18:G19) -> 12363.42
A21: III.-TRANSPORTE
A22: DESCRIPCION | C22: VOLUMEN | D22: DISTANCIA | E22: M3-KM | F22: TARIFA | G22: VR/UNITARIO
F26: SUB-TOTAL
A27: IV.-MANO DE OBRA
A28: DESCRIPCION | C28: JORNAL | D28: PRESTAC. | E28: JOR.TOTAL | F28: RENDI. | G28: VR/UNITARIO
A29: CUADRILLA No. 09 (1Ayu) | C29: 43333.333 | D29: =[68]DATOS!B15 -> 1.9 | E29: =C29*D29 -> 82333.333 | F29: 0.1 | G29: =E29*F29 -> 8233.3333
F33: SUB-TOTAL | H33: =SUM(G29:G32) -> 8233.3333
C35: TOTAL COSTO DIRECTO | H35: =ROUND(SUM(H15:H33),0) -> 21008
A36: V.-COSTOS INDIRECTOS
A37: DESCRIPCION | F37: % | G37: VR/TOTAL
A38: ADMINISTRACION | F38: =+[68]DATOS!B10 -> 0.25 | G38: =$H$35*F38 -> 5252
A39: IMPREVISTOS | F39: =+[68]DATOS!B11 -> 0.02 | G39: =$H$35*F39 -> 420.16
A40: UTILIDAD | F40: =+[68]DATOS!B12 -> 0.05 | G40: =$H$35*F40 -> 1050.4
F42: SUB-TOTAL | H42: =ROUND(SUM(G38:G41),0) -> 6723
C44: PRECIO UNITARIO TOTAL | H44: =ROUND(SUM(H35:H42),0) -> 27731

Sheet 10
A2: =+[68]DATOS!B2 -> ALCALDIA DE POPAYAN
A3: =+[68]DATOS!B4 -> SECRETARIA DE INFRAESTRUCTURA | E3: ANALISIS DE PRECIOS UNITARIOS
A5: ITEM : | B5: Transporte de material proveniente de excavación, explanación, canales y escombros. Inluye Cargue a mano | E5: OBRA : | F5: =+[68]DATOS!B6 -> PRESUPUESTO PARA EDIFICACIONES
A7: UNIDAD : | B7: m3
A9: I.-EQUIPO | E9: FECHA :
A10: DESCRIPCION | C10: UNIDAD | D10: CANTIDAD | E10: TARIFA | F10: REND. | G10: VR/UNITARIO
A11: =+[68]Insumos!C44 -> HERRAMIENTA MENOR | C11: =+[68]Insumos!D44 -> % | D11: 1 | E11: =+H38 -> 17333.333 | F11: =+[68]Insumos!E44 -> 0.05 | G11: =+H38*0.05 -> 866.66667
A12: =+[68]Insumos!C13 -> VOLQUETA 7 m3 | C12: =+[68]Insumos!D13 -> hr | D12: 1 | E12: =+[68]Insumos!E13 -> 66735 | F12: 9.5 | G12: =+E12/F12 -> 7024.7368
F13: SUB-TOTAL | H13: =SUM(G11:G12) -> 7891.4035
A14: II.-MATERIALES
A15: DESCRIPCION | C15: DESPERDICIO | D15: UNIDAD | E15: VALOR | F15: CANTIDAD | G15: VR/UNITARIO
F27: SUB-TOTAL | H27: =SUM(G16:G26) -> 0
A28: III.-TRANSPORTE
A29: DESCRIPCION | C29: VOLUMEN | D29: DISTANCIA | E29: M3-KM | F29: TARIFA | G29: VR/UNITARIO
F33: SUB-TOTAL
A34: IV.-MANO DE OBRA
A35: DESCRIPCION | C35: JORNAL | D35: PRESTAC. | E35: JOR.TOTAL | F35: RENDI. | G35: VR/UNITARIO
A36: =+[68]CUADRILLA!E77 -> CUADRILLA No.12 (2AY) | C36: =+[68]CUADRILLA!H77 -> 86666.667 | D36: 1.9 | E36: =+D36*C36 -> 164666.67 | F36: 9.5 | G36: =+E36/F36 -> 17333.333
F38: SUB-TOTAL | H38: =SUM(G36:G37) -> 17333.333
C40: TOTAL COSTO DIRECTO | H40: =ROUND(SUM(H13:H38),0) -> 25225
A41: V.-COSTOS INDIRECTOS
A42: DESCRIPCION | F42: % | G42: VR/TOTAL
A43: ADMINISTRACION | F43: =+[68]DATOS!B10 -> 0.25 | G43: =$H$40*F43 -> 6306.25
A44: IMPREVISTOS | F44: =+[68]DATOS!B11 -> 0.02 | G44: =$H$40*F44 -> 504.5
A45: UTILIDAD | F45: =+[68]DATOS!B12 -> 0.05 | G45: =$H$40*F45 -> 1261.25
F47: SUB-TOTAL | H47: =ROUND(SUM(G43:G46),0) -> 8072
C49: PRECIO UNITARIO TOTAL | H49: =ROUND(SUM(H40:H47),0) -> 33297
